 Dungeon Crawl Stone Soup version 0.30-a0-853-g561648f (webtiles) character file.

Game seed: 17665814650390924310

12790 Dorkslayer the Nimble (level 11, -2/84 HPs)
             Began as a Merfolk Fighter on Mar 4, 2023.
             Was an Initiate of Gozag.
             Slain by a gargoyle
             ... wielding a +0 mace
              (8 damage)
             ... in a Gauntlet.
             The game lasted 00:33:58 (10645 turns).

Dorkslayer the Nimble (Merfolk Fighter)            Turns: 10645, Time: 00:33:59

Health: -2/84      AC: 19    Str: 20    XL:     11   Next: 98%
Magic:  20/20      EV:  9    Int:  9    God:    Gozag
Gold:   2135       SH:  5    Dex: 13    Spells: 10/10 levels left

rFire   . . .      SeeInvis +    q - +7 mace of the Stoat {elec, rElec rPois rN+ MP+9}
rCold   . . .      Faith    .    c - +0 buckler
rNeg    + . .      Spirit   .    L - +0 plate armour
rPois   +          Reflect  .    k - +1 hat {Will+}
rElec   +          Rampage  .    l - +0 cloak
rCorr   .          NoTele   +    (no gloves)
Will    +....                    p - +0 pair of boots Stlth
                                 (no amulet)
HPRegen 0.34/turn                t - +4 ring of protection
MPRegen 0.17/turn                I - ring of see invisible

@: on berserk cooldown, slowed, very slow
A: (nimble swimmer 2), mertail
a: Renounce Religion, Potion Petition, Call Merchant, Bribe Branch


You were in a Gauntlet.
You worshipped Gozag.
Gozag was most pleased with you.
You visited 3 branches of the dungeon, and saw 13 of its levels.
You also visited: Sewer and Gauntlet.

You collected 2321 gold pieces.
You paid 186 gold pieces to Gozag.

Inventory:

Hand Weapons
 a - a +1 trident of venom
 q - the +7 mace of the Stoat (weapon) {elec, rElec rPois rN+ MP+9}
   (You found it on level 3 of the Dungeon)

   rElec:     It insulates you from electricity.
   rPois:     It protects you from poison.
   rN:        It protects you from negative energy.
   MP:        It affects your magic capacity (+9).
 C - a +5 flail of holy wrath
Missiles
 d - 2 curare-tipped darts
 o - a throwing net
 r - 11 javelins (quivered)
 J - a boomerang
 M - 3 silver boomerangs
Armour
 c - a +0 buckler (worn)
 k - a +1 hat of willpower (worn)
 l - a +0 cloak (worn)
 p - a +0 pair of boots (worn)
 B - a +1 helmet
 L - a +0 plate armour (worn)
Jewellery
 m - a ring of resist corrosion
 t - a +4 ring of protection (left hand)
 z - a +6 ring of dexterity
 I - a ring of see invisible (right hand)
Wands
 A - a wand of iceblast (6)
 D - a wand of flame (12)
 F - a wand of acid (3)
 K - a wand of digging (4)
Scrolls
 i - 3 scrolls of blinking
 w - 3 scrolls of fear
 x - 4 scrolls of fog
 y - 3 scrolls of teleportation
Potions
 e - 4 potions of attraction
 f - 3 potions of mutation
 g - 3 potions of cancellation
 j - a potion of magic {unknown}
 s - 2 potions of ambrosia
 u - a potion of invisibility {unknown}
 v - 2 potions of flight
 E - a potion of berserk rage
 G - a potion of lignification
Miscellaneous
 b - a lightning rod (4/4)


   Skills:
 * Level 7.4 Fighting
 * Level 6.6 Maces & Flails
 + Level 8.3 Polearms
 + Level 5.5 Throwing
 * Level 5.0 Armour
 + Level 10.8 Dodging
 + Level 6.8 Shields
 * Level 6.6 Evocations


You had 10 spell levels left.
You didn't know any spells.
Your spell library contained the following spells:

 Spells                   Type           Power      Damage    Failure   Level
 Apportation              Tloc           0%         N/A       100%        1
 Necrotise                Necr           0%         1d4       100%        1
 Summon Small Mammal      Summ           0%         N/A       100%        1
 Blink                    Tloc           0%         N/A       100%        2
 Cigotuvi's Dreadful Rot  Necr/Pois/Air  0%         N/A       100%        2
 Lesser Beckoning         Tloc           0%         N/A       100%        2
 Momentum Strike          Conj/Tloc      0%         3d8       100%        2
 Poisonous Vapours        Pois/Air       0%         N/A       100%        2
 Call Canine Familiar     Summ           0%         N/A       100%        3
 Ignite Poison            Fire/Tmut/Pois 0%         N/A       100%        3
 Mephitic Cloud           Conj/Pois/Air  0%         N/A       100%        3
 Portal Projectile        Hex/Tloc       0%         N/A       100%        3
 Summon Guardian Golem    Hex/Summ       0%         N/A       100%        3
 Leda's Liquefaction      Hex/Erth       0%         N/A       100%        4
 Petrify                  Tmut/Erth      0%         N/A       100%        4
 Sticky Flame             Conj/Fire      0%         2d3       100%        4
 Metabolic Englaciation   Hex/Ice        0%         N/A       100%        5
 Summon Forest            Summ/Tloc      0%         N/A       100%        5
 Summon Mana Viper        Hex/Summ       0%         N/A       100%        5
 Statue Form              Tmut/Erth      0%         N/A       100%        6
 Summon Cactus Giant      Summ           0%         N/A       100%        6
 Ignition                 Fire           0%         3d3       100%        8


Dungeon Overview and Level Annotations

Branches:
Dungeon (11/15)            Temple (1/1) D:6            Lair (1/5) D:11
  Sewer (visited)         Gauntlet (1/1)
    Orc: D:9-12

Altars:
Ashenzari
Cheibriados
Dithmenos
Elyvilon
Fedhas
Gozag
Hepliaklqana
Kikubaaqudgha
Makhleb
Nemelex Xobeh
Okawaru
Qazlal
Ru
Sif Muna
Trog
Uskayaw
Vehumet
Wu Jian
Xom
Yredelemnul
Zin
The Shining One

Shops:
D:5 *   D:7 (   D:9 =

Annotations:
D:6 1 runed translucent door Gauntlet 11 transporters, 4 runed translucent doors


Innate Abilities, Weirdness & Mutations

((You are very nimble when in or above water. (Stealth+, EV+, Speed+++)))
Your lower body shifts to a powerful aquatic tail in water.


Message History

You have turned to stone.
You are engulfed in calcifying dust.
The gargoyle hits you with a +0 flail! The gargoyle hits you with a +0 mace!
The gargoyle hits you with a +0 flail. The gargoyle hits you with a +0 mace.
The gargoyle hits you with a +0 flail! The gargoyle hits you with a +0 mace!
The gargoyle hurls a stone arrow at you.
The stone arrow hits you!
The gargoyle hits you but does no damage.
The gargoyle hits you but does no damage.
The gargoyle hits you with a +0 mace.
The gargoyle hurls a stone arrow at you.
The stone arrow hits you but does no damage.
The gargoyle hits you but does no damage.
The gargoyle hurls a stone arrow at you.
The stone arrow hits you!
The gargoyle hits you but does no damage.
The gargoyle hurls a stone arrow at you.
The stone arrow hits you! The gargoyle hits you with a +0 flail!
* * * LOW HITPOINT WARNING * * *
The gargoyle hurls a stone arrow at you.
The stone arrow hits you. The gargoyle hits you with a +0 mace.
* * * LOW HITPOINT WARNING * * *
The gargoyle hurls a stone arrow at you.
The stone arrow hits you!!
* * * LOW HITPOINT WARNING * * *
The gargoyle hits you with a +0 flail!
* * * LOW HITPOINT WARNING * * *
You turn to flesh and can move again.
Unknown command.
Okay, then.
The gargoyle misses you.
You feel better.
Okay, then.
The gargoyle hits you with a +0 flail!
* * * LOW HITPOINT WARNING * * *
The gargoyle barely misses you.
There is a transporter landing site here.
The gargoyle attacks as you move away! The gargoyle hits you with a +0 mace!
You die...
Your body crumbles into a pile of gold.

♣.#!)#....#.♣......####
P.#".#.##.#.....PP..≈≈#
..###+.##.###.♣.♣P♣..≈#
..#©.+...©#©#.........####
♣.###+#####.#########..≈≈#
P.#.......#.#.....$.#...≈#
..#.......#.#.###'#.#....####
..#########.#)#≈99#.###...≈≈#
♣.........#©#©#≈@.#.#©#.♣..≈#
P.#########.#!#≈..#.#.#.....####
..#t.....t#.#.###+#.#.#...♣..≈≈#
..#$.#....#.#.......#.#.P.....≈#
♣.#[###...#.#########.#.♣...♣..##
..#©.#©#..#©#.......#.#.........≈
..#?..###.###...♣P..#.#########..
..#....#..#...PPP.P.#.#.##©)..#..
..#.......#..P#≈#≈#.#.#..##^.##.∩


You could see a ghost crab and 2 gargoyles.

Vanquished Creatures
  Gastronok (D:9)
  A catoblepas (Gauntlet)
  A two-headed ogre (D:10)
  A tengu warrior (Gauntlet)
  Urug (D:11)
  Lodul (D:10)
  Maggie (D:10)
  2 tengu conjurers (Gauntlet)
  Psyche (D:8)
  2 trolls (D:11)
  A hornet (D:11)
  Eustachio (D:4)
  10 yaks
  3 steam dragons
  2 acid dragons
  5 water moccasins
  3 orc warriors
  3 black bears
  6 ogres (D:10)
  5 centaurs
  A phantom (D:5)
  8 kobold brigands
  4 bullfrogs
  13 scorpions
  3 wights (D:9)
  3 killer bees (D:9)
  6 howler monkeys
  2 hounds
  7 orc priests
  A jelly (D:8)
  An iguana (D:5)
  A sleepcap (D:6)
  7 orc wizards
  4 gnolls
  7 river rats
  10 adders
  A shadow imp (D:7)
  2 ufetubi
  4 worms
  3 dart slugs
  38 orcs
  25 ball pythons
  9 endoplasms
  9 giant cockroaches
  11 goblins
  9 hobgoblins
  5 jackals (D:5)
  44 kobolds
  6 quokkas
  10 bats
  9 frilled lizards
  21 rats
335 creatures vanquished.

Vanquished Creatures (others)
  A howler monkey (D:9)
  30 plants
31 creatures vanquished.

Grand Total: 366 creatures vanquished

Notes
Turn   | Place    | Note
-------+----------+-------------------------------------------
     0 | D:1      | Dorkslayer the Merfolk Fighter began the quest for the Orb.
     0 | D:1      | Reached XP level 1. HP: 18/18 MP: 1/1
    88 | D:1      | Reached skill level 1 in Dodging
    98 | D:1      | Reached XP level 2. HP: 24/24 MP: 2/2
   339 | D:1      | Reached XP level 3. HP: 29/29 MP: 3/3
   595 | D:1      | Reached skill level 2 in Dodging
   819 | D:2      | Reached XP level 4. HP: 15/37 MP: 4/4
   917 | D:2      | Found a faded altar of an unknown god.
  1232 | D:2      | Reached skill level 3 in Dodging
  1425 | D:2      | Found a shimmering altar of Xom.
  1568 | D:3      | Reached XP level 5. HP: 39/42 MP: 5/5
  1727 | D:3      | Identified the +7 mace of the Stoat {elec, rElec rPois rN+
                  | MP+9}
  2292 | D:4      | Noticed Eustachio
  2299 | D:4      | Killed Eustachio
  2300 | D:4      | Reached skill level 1 in Maces & Flails
  2300 | D:4      | Reached skill level 4 in Dodging
  2300 | D:4      | Reached XP level 6. HP: 42/49 MP: 6/6
  2426 | D:4      | Found a glowing drain.
  2433 | Sewer    | Entered a sewer
  2526 | Sewer    | Reached XP level 7. HP: 42/55 MP: 7/7
  2660 | Sewer    | Reached skill level 5 in Dodging
  3909 | D:5      | Entered Level 5 of the Dungeon
  3955 | D:5      | Reached skill level 1 in Throwing
  3955 | D:5      | Reached XP level 8. HP: 47/61 MP: 8/8
  3965 | D:5      | Reached skill level 5 in Polearms
  3984 | D:5      | Reached skill level 5 in Fighting
  3984 | D:5      | Reached skill level 6 in Dodging
  4306 | D:5      | Found Adoess's Overcharged Wands.
  4789 | D:6      | Found a staircase to the Ecumenical Temple.
  4808 | Temple   | Entered the Ecumenical Temple
  4854 | Temple   | Became a worshipper of Gozag Ym Sagoz the Greedy
  4949 | D:6      | Reached skill level 1 in Evocations
  4973 | D:6      | Reached XP level 9. HP: 59/68 MP: 9/9
  5025 | D:6      | Identified the +3 hand axe of Destiny {holy, *Slow rC+ rN+}
  5146 | D:6      | Found a runed translucent door.
  5155 | D:6      | Reached skill level 7 in Dodging
  5155 | D:6      | Found a runed translucent door.
  5192 | D:6      | Reached skill level 5 in Shields
  5598 | D:7      | Found a hazy altar of Hepliaklqana.
  5854 | D:7      | Found Qomiehed's Antique Weapon Emporium.
  6230 | D:8      | Reached skill level 8 in Dodging
  6246 | D:8      | Reached XP level 10. HP: 68/76 MP: 10/10
  6468 | D:8      | Noticed Psyche
  6478 | D:8      | Killed Psyche
  6764 | D:8      | Reached skill level 5 in Maces & Flails
  7571 | D:9      | Noticed Gastronok
  7595 | D:9      | Killed Gastronok
  7596 | D:9      | Reached skill level 9 in Dodging
  7878 | D:9      | Found Qudghahar's Jewellery Shoppe.
  7968 | D:9      | Found a burning altar of Makhleb.
  7970 | D:9      | Found an iron altar of Okawaru.
  8107 | D:9      | Reached skill level 5 in Evocations
  8404 | D:10     | Entered Level 10 of the Dungeon
  8464 | D:10     | Reached XP level 11. HP: 49/83 MP: 11/11
  8766 | D:10     | Noticed Maggie
  8779 | D:10     | Killed Maggie
  8832 | D:10     | Noticed Lodul
  8843 | D:10     | Killed Lodul
  8951 | D:10     | Reached skill level 10 in Dodging
  9172 | D:10     | Noticed a two-headed ogre
  9180 | D:10     | Killed a two-headed ogre
  9310 | D:11     | Reached skill level 5 in Throwing
  9619 | D:11     | Found a staircase to the Lair.
  9704 | D:11     | Noticed Urug
  9723 | D:11     | Killed Urug
 10011 | D:11     | Noticed a two-headed ogre
 10011 | D:11     | Noticed a cyclops
 10019 | D:11     | HP: 2/84 [two-headed ogre/+0 giant club (7)]
 10022 | Lair:1   | Entered Level 1 of the Lair of Beasts
 10065 | Lair:1   | Found a gate leading to a gauntlet.
 10083 | Lair:1   | Identified the +8 long sword of Xeboohua {chaos, rC+ Int+6}
 10088 | Gauntlet | Entered a Gauntlet
 10088 | Gauntlet | Noticed a tengu warrior
 10088 | Gauntlet | Found a transporter.
 10225 | Gauntlet | Found a transporter.
 10227 | Gauntlet | Found a transporter.
 10231 | Gauntlet | Found a runed translucent door.
 10231 | Gauntlet | Found a runed translucent door.
 10252 | Gauntlet | Found a transporter.
 10261 | Gauntlet | Noticed a catoblepas
 10272 | Gauntlet | Found a transporter.
 10274 | Gauntlet | Found a transporter.
 10276 | Gauntlet | Noticed a spectral death yak
 10276 | Gauntlet | Noticed a death scarab
 10279 | Gauntlet | Noticed a death scarab
 10290 | Gauntlet | Found a transporter.
 10298 | Gauntlet | Noticed a wizard
 10299 | Gauntlet | Noticed a wizard
 10301 | Gauntlet | Found a transporter.
 10317 | Gauntlet | Found a transporter.
 10321 | Gauntlet | Noticed a ghost crab
 10322 | Gauntlet | Found a transporter.
 10322 | Gauntlet | Found a transporter.
 10327 | Gauntlet | Noticed a catoblepas
 10334 | Gauntlet | Found a transporter.
 10368 | Gauntlet | Found a runed translucent gate.
 10369 | Gauntlet | Found a transporter.
 10369 | Gauntlet | Found a runed translucent gate.
 10370 | Gauntlet | Found a runed translucent gate.
 10383 | Gauntlet | Found a transporter.
 10460 | Gauntlet | Killed a tengu warrior
 10461 | Gauntlet | Reached skill level 5 in Armour
 10631 | Gauntlet | Killed a catoblepas
 10645 | Gauntlet | Slain by a gargoyle

Illustrated notes

Levels and vault maps discovered:
D:1:      saegor_arrival_simple_e, layout_loops_ring, serial_bayou,
          serial_bayou_pond_b, serial_bayou_shore_a, serial_bayou_lagoon_a,
          serial_bayou_pond_b, minmay_close_crescents
D:2:      layout_rooms, shapermc_ecumenical_altar_acropolis, basic_altar,
          patterned_corridor
D:3:      layout_basic
D:4:      layout_basic, portal_sewer_entry_e, amcnicky_mini_corridor_feature,
          uniq_eustachio
D:5:      layout_rooms, nicolae_shop_overcharged_wands
D:6:      lemuel_insect_pit, layout_basic, minmay_temple_entry_drinking_statues
D:7:      layout_loops_cross, lemuel_coloured_pillars_altar, serial_shops,
          shop_fountains
D:8:      layout_layer_cave, uniq_psyche
D:9:      layout_roguey, mainiacjoe_overflow_catwalk_spiral, serial_shops, shop,
          uniq_gastronok
D:10:     layout_irregular_city, moated_statue, nicolae_kite_square_tiling_tiny,
          uniq_lodul, uniq_maggie
D:11:     layout_gridville, dpeg_oklobed_lair, uniq_urug
Temple:   hellmonk_temple_of_storms
Lair:1:   layout_hall_layers, gauntlet_entry_generic, serial_bayou_shore_b
Gauntlet: minmay_gauntlet_77_tree [minmay_gauntlet_arena_77_fan,
          minmay_gauntlet_arena_77_hold_the_fort,
          minmay_gauntlet_arena_77_shame_cube,
          minmay_gauntlet_arena_77_block_sizes, minmay_gauntlet_arena_77_box,
          minmay_gauntlet_arena_77_double_cross,
          minmay_gauntlet_arena_77_run_for_it, gauntlet_exit_watery]

Skill      XL: |  1  2  3  4  5  6  7  8  9 10 11 |
---------------+----------------------------------+-----
Dodging        | 1 2 3 4 5 6 8 9 10 | 10.8
Polearms       | 3 4 5 6 7 8 |  8.3
Fighting       | 4 5 6 7 |  7.4
Maces & Flails | 1 2 3 4 5 6 |  6.6
Armour         | 3 4 5 |  5.0
Shields        | 4 5 6 |  6.8
Throwing       | 1 2 3 4 5 |  5.5
Evocations     | 1 3 5 6 |  6.6

Action                     |  1- 3 |  4- 6 |  7- 9 | 10-12 || total
---------------------------+-------+-------+-------+-------++-------
  Melee: Trident           |   136 |   128 |       |       ||   264
         Tailslap          |     2 |     1 |     3 |       ||     6
         Mace              |       |    84 |   314 |   362 ||   760
         Flail             |       |       |       |     3 ||     3
  Throw: Javelin           |       |     1 |     1 |     8 ||    10
         Dart              |       |       |       |     8 ||     8
         Throwing net      |       |       |       |     1 ||     1
  Evoke: Wand              |       |       |       |    18 ||    18
    Use: Scroll            |     2 |     5 |     9 |     8 ||    24
         Potion            |       |     2 |     2 |     6 ||    10
   Stab: Distracted        |       |       |       |     3 ||     3
         Paralysed         |       |       |       |     6 ||     6
 Armour: Scale mail        |    51 |    23 |       |       ||    74
         Chain mail        |       |   172 |   291 |   135 ||   598
         Ring mail         |       |     8 |       |       ||     8
         Plate armour      |       |       |       |    80 ||    80
         Skin              |       |       |       |    69 ||    69
  Dodge: Dodged            |    40 |   124 |   209 |   181 ||   554
  Block: Buckler           |    22 |    80 |   124 |   103 ||   329

Table legend: (Time is in decaauts)
 A = Elapsed time spent in this place.
 B = Non-inter-level travel time spent in this place.
 C = Inter-level travel time spent in this place.
 D = Time resting spent in this place.
 E = Time spent auto-exploring this place.
 F = Levels seen in this place.
 G = Mean time per level.
                   A        B        C        D        E       F      G
               +--------+--------+--------+--------+--------+-----+--------+
         Total |  10789 |  10789 |      0 |   1033 |   3820 |  15 |  719.3 |
       Dungeon |   9720 |   9720 |      0 |    789 |   3711 |  11 |  883.6 |
        Temple |     68 |     68 |      0 |      0 |      0 |   1 |   68.0 |
          Lair |     67 |     67 |      0 |      0 |      0 |   1 |   67.0 |
         Sewer |    370 |    370 |      0 |      0 |    109 |   1 |  370.0 |
      Gauntlet |    562 |    562 |      0 |    244 |      0 |   1 |  562.0 |
               +--------+--------+--------+--------+--------+-----+--------+

Top non-repeatable levels by time:
     D:4: 1264 daAuts
     D:9: 1206 daAuts
     D:8: 1175 daAuts
    D:10: 883 daAuts
     D:6: 845 daAuts
     D:3: 825 daAuts
     D:1: 798 daAuts
     D:7: 773 daAuts
    D:11: 751 daAuts
     D:2: 680 daAuts
Gauntlet: 562 daAuts
     D:5: 515 daAuts
   Sewer: 370 daAuts
  Temple: 68 daAuts
  Lair:1: 67 daAuts
